 Dungeon Crawl Stone Soup version 0.29-a0-337-g68df138881 (webtiles) character file.

Game seed: 15017414781305182251

581 Jortsu the Shield-Bearer (level 7, -4/55 (60) HPs)
             Began as a Gnoll Fighter on Apr 16, 2022.
             Slain by a wight
             ... wielding a +0 dire flail
              (6 damage)
             ... on level 5 of the Dungeon.
             The game lasted 00:04:28 (3112 turns).

Jortsu the Shield-Bearer (Gnoll Fighter)            Turns: 3112, Time: 00:04:29

HP:   -4/55 (60)    AC:  9    Str: 18    XL:     7   Next: 36%
MP:   10/10         EV: 10    Int:  7    God:
Gold: 265           SH:  5    Dex: 11    Spells: 10/10 levels left

rFire   . . .      SeeInvis .   a - +0 war axe
rCold   . . .      Faith    .   c - +0 buckler
rNeg    . . .      Spirit   .   b - +0 scale mail
rPois   .          Reflect  .   n - +2 hat
rElec   .          Harm     .   (no cloak)
rCorr   .          Rampage  .   (no gloves)
Will    .....                   (no boots)
Stlth   +.........              m - amulet of regeneration
HPRegen 0.98/turn               (no ring)
MPRegen 0.12/turn               (no ring)

@: drained
A: fangs 1, strong nose, distributed training
a: no special abilities


You were on level 5 of the Dungeon.
You visited 1 branch of the dungeon, and saw 5 of its levels.

You collected 265 gold pieces.

Inventory:

Hand Weapons
 a - a +0 war axe (weapon)
Armour
 b - a +0 scale mail (worn)
 c - a +0 buckler (worn)
 n - a +2 hat (worn)
Jewellery
 f - a ring of fire
 m - an amulet of regeneration (around neck)
Wands
 r - a wand of polymorph (11)
Scrolls
 q - a scroll of teleportation
Potions
 d - a potion of might
 e - a potion of brilliance {unknown}
 g - a potion of invisibility
 h - 3 potions of curing
 i - a potion of resistance
 j - a potion of lignification
 k - a potion of mutation
 l - 2 potions of haste {unknown}
 o - 2 potions of heal wounds {unknown}
 p - 2 potions of attraction {unknown}
 s - a potion of cancellation {unknown}
 t - 2 potions of degeneration {unknown}


   Skills:
 + Level 7.0 Fighting
 + Level 2.4 Short Blades
 + Level 2.4 Long Blades
 + Level 5.2 Axes
 + Level 2.4 Maces & Flails
 + Level 2.4 Polearms
 + Level 2.4 Staves
 + Level 2.4 Slings
 + Level 2.4 Bows
 + Level 2.4 Crossbows
 + Level 2.4 Throwing
 + Level 7.0 Armour
 + Level 2.4 Dodging
 + Level 2.4 Stealth
 + Level 7.0 Shields
 + Level 2.4 Unarmed Combat
 + Level 2.4 Spellcasting
 + Level 2.0 Conjurations
 + Level 2.0 Hexes
 + Level 2.0 Summonings
 + Level 2.0 Necromancy
 + Level 2.0 Translocations
 + Level 2.0 Transmutations
 + Level 2.0 Fire Magic
 + Level 2.0 Ice Magic
 + Level 2.0 Air Magic
 + Level 2.0 Earth Magic
 + Level 2.0 Poison Magic
 + Level 2.7 Invocations
 + Level 2.4 Evocations


You had 10 spell levels left.
You didn't know any spells.
Your spell library contained the following spells:

 Spells                   Type           Power      Damage    Failure   Level
 Animate Skeleton         Necr           6%         N/A       50%         1
 Apportation              Tloc           6%         N/A       50%         1
 Summon Small Mammal      Summ           12%        N/A       50%         1
 Ensorcelled Hibernation  Hex/Ice        6%         N/A       65%         2
 Spider Form              Tmut/Pois      3%         N/A       86%         3
 Anguish                  Hex/Necr       1%         N/A       99%         4


Dungeon Overview and Level Annotations

Branches:
Dungeon (5/15)             Temple (0/1) D:4

Altars:
Makhleb

Annotations:
D:5 1 runed translucent door, Vangrel's ghost, novice HOFi


Innate Abilities, Weirdness & Mutations

You have very sharp teeth.
Your uncanny sense of smell can sniff out nearby items.
Your experience applies equally to all skills.


Message History

Your Necromancy skill increases to level 2!
Your Translocations skill increases to level 2!
Your Transmutations skill increases to level 2!
Your Fire Magic skill increases to level 2!
Your Ice Magic skill increases to level 2!
Your Air Magic skill increases to level 2!
Your Earth Magic skill increases to level 2!
Your Poison Magic skill increases to level 2!
The wight hits you but does no damage.
Items here: )) [[.
The wight barely misses you. The wight attacks as you move away!
The wight hits you with a +0 great sword.
You feel drained.
A wight comes into view. It is wielding a +0 dire flail.
Found a stone staircase leading up.
You closely miss the wight.
The wight hits you with a +0 great sword!
You hit the wight.
The wight is lightly damaged.
You block the wight's attack.
The wight hits you with a +0 great sword!
* * * LOW HITPOINT WARNING * * *
You hit the wight but do no damage.
The wight is lightly damaged.
The wight hits you with a +0 great sword!
* * * LOW HITPOINT WARNING * * *
You feel drained.
* * * LOW HITPOINT WARNING * * *
You hit the wight.
The wight is moderately damaged.
The wight hits you with a +0 great sword.
* * * LOW HITPOINT WARNING * * *
You feel drained.
* * * LOW HITPOINT WARNING * * *
You closely miss the wight. Your bite misses the wight.
The wight is moderately damaged.
You slash the wight! You block the wight's attack.
The wight hits you with a +0 dire flail.
You die...

.........####.#........##
.........................
.#......####...........##
.........# ###.........#.
.#.....).# ##....#####.
∆####..#.#### #.....###<.
.......)...#....#.......
#######z#..#.##.##......
#...@........#..##...
#....z.....#... #...
<................ ..#.
.###.........#.. ####.
............. ##
#####.###..... #. ∆ .....
#. .....


You could see 2 wights.

Vanquished Creatures
  Sigmund (D:3)
  A phantom (D:4)
  A bullfrog (D:4)
  2 wights (D:5)
  An orc priest (D:4)
  5 adders
  A worm (D:3)
  3 dart slugs
  11 orcs
  5 endoplasms
  3 giant cockroaches
  7 goblins
  12 hobgoblins
  3 jackals (D:4)
  10 kobolds
  3 quokkas
  9 ball pythons
  5 bats
  4 frilled lizards
  8 rats
95 creatures vanquished.

Vanquished Creatures (others)
  15 plants (D:1)
15 creatures vanquished.

Grand Total: 110 creatures vanquished

Notes
Turn   | Place    | Note
-------+----------+-------------------------------------------
     0 | D:1      | Jortsu the Gnoll Fighter began the quest for the Orb.
     0 | D:1      | Reached XP level 1. HP: 23/23 MP: 1/1
   184 | D:1      | Reached XP level 2. HP: 29/29 MP: 2/2
   395 | D:1      | Reached XP level 3. HP: 35/35 MP: 3/3
  1141 | D:2      | Reached skill level 1 in Invocations
  1230 | D:2      | Found a burning altar of Makhleb.
  1255 | D:2      | Reached skill level 1 in Short Blades
  1255 | D:2      | Reached skill level 1 in Long Blades
  1255 | D:2      | Reached skill level 1 in Maces & Flails
  1255 | D:2      | Reached skill level 1 in Polearms
  1255 | D:2      | Reached skill level 1 in Staves
  1255 | D:2      | Reached skill level 1 in Slings
  1255 | D:2      | Reached skill level 1 in Bows
  1255 | D:2      | Reached skill level 1 in Crossbows
  1255 | D:2      | Reached skill level 1 in Throwing
  1255 | D:2      | Reached skill level 1 in Dodging
  1255 | D:2      | Reached skill level 1 in Stealth
  1255 | D:2      | Reached skill level 1 in Unarmed Combat
  1255 | D:2      | Reached skill level 1 in Spellcasting
  1255 | D:2      | Reached skill level 1 in Evocations
  1390 | D:2      | Reached XP level 4. HP: 41/41 MP: 5/5
  1891 | D:3      | Reached skill level 1 in Conjurations
  1891 | D:3      | Reached skill level 1 in Hexes
  1891 | D:3      | Reached skill level 1 in Summonings
  1891 | D:3      | Reached skill level 1 in Necromancy
  1891 | D:3      | Reached skill level 1 in Translocations
  1891 | D:3      | Reached skill level 1 in Transmutations
  1891 | D:3      | Reached skill level 1 in Fire Magic
  1891 | D:3      | Reached skill level 1 in Ice Magic
  1891 | D:3      | Reached skill level 1 in Air Magic
  1891 | D:3      | Reached skill level 1 in Earth Magic
  1891 | D:3      | Reached skill level 1 in Poison Magic
  2159 | D:3      | Noticed Sigmund
  2177 | D:3      | Killed Sigmund
  2178 | D:3      | Reached XP level 5. HP: 30/47 MP: 5/7
  2178 | D:3      | Reached XP level 6. HP: 34/53 MP: 5/8
  2440 | D:4      | Reached skill level 5 in Axes
  2522 | D:4      | Found a staircase to the Ecumenical Temple.
  2798 | D:4      | Reached XP level 7. HP: 59/59 MP: 10/10
  3030 | D:5      | Entered Level 5 of the Dungeon
  3048 | D:5      | Found a runed translucent gate.
  3048 | D:5      | Noticed Vangrel's ghost (novice HOFi)
  3111 | D:5      | HP: 2/56 [wight/+0 great sword (6)]
  3112 | D:5      | Slain by a wight

Illustrated notes

Levels and vault maps discovered:
D:1:      minmay_arrival_floating_metal, layout_rooms, serial_bayou,
          serial_bayou_pond_b, serial_bayou_pond_d, serial_bayou_crossing,
          serial_bayou_lagoon_b, nrook_mini_vaults, minmay_tetromino_s4
D:2:      layout_basic, basic_altar, nrook_mini_backslash, dk_noncrumbling_2
D:3:      layout_basic, minmay_fountain_box, uniq_sigmund
D:4:      layout_basic, minmay_temple_entry_junction, minmay_cupped
D:5:      layout_rooms, biasface_ghost_orc_armoury

Skill      XL: |  1  2  3  4  5  6  7 |
---------------+----------------------+-----
Invocations    | 1 2 |  2.7
Short Blades   | 1 2 |  2.4
Long Blades    | 1 2 |  2.4
Maces & Flails | 1 2 |  2.4
Polearms       | 1 2 |  2.4
Staves         | 1 2 |  2.4
Slings         | 1 2 |  2.4
Bows           | 1 2 |  2.4
Crossbows      | 1 2 |  2.4
Throwing       | 1 2 |  2.4
Dodging        | 1 2 |  2.4
Stealth        | 1 2 |  2.4
Unarmed Combat | 1 2 |  2.4
Spellcasting   | 1 2 |  2.4
Evocations     | 1 2 |  2.4
Conjurations   | 1 2 |  2.0
Hexes          | 1 2 |  2.0
Summonings     | 1 2 |  2.0
Necromancy     | 1 2 |  2.0
Translocations | 1 2 |  2.0
Transmutations | 1 2 |  2.0
Fire Magic     | 1 2 |  2.0
Ice Magic      | 1 2 |  2.0
Air Magic      | 1 2 |  2.0
Earth Magic    | 1 2 |  2.0
Poison Magic   | 1 2 |  2.0
Axes           | 5 |  5.2
Fighting       | 7 |  7.0
Armour         | 7 |  7.0
Shields        | 7 |  7.0

Action                   |  1- 3 |  4- 6 |  7- 9 || total
-------------------------+-------+-------+-------++-------
Melee: War axe           |    94 |   127 |    22 ||   243
       Bite              |     5 |     7 |       ||    12
  Use: Scroll            |     4 |     6 |       ||    10
       Potion            |       |     1 |       ||     1
Armor: Scale mail        |    50 |    78 |     6 ||   134
Dodge: Dodged            |    36 |    76 |    15 ||   127
Block: Buckler           |    30 |    40 |    12 ||    82

Table legend: (Time is in decaauts)
 A = Elapsed time spent in this place.
 B = Non-inter-level travel time spent in this place.
 C = Inter-level travel time spent in this place.
 D = Time resting spent in this place.
 E = Time spent auto-exploring this place.
 F = Levels seen in this place.
 G = Mean time per level.
                   A        B        C        D        E       F      G
               +--------+--------+--------+--------+--------+-----+--------+
         Total |   3232 |   3126 |    106 |     38 |   2364 |   5 |  646.4 |
       Dungeon |   3232 |   3126 |    106 |     38 |   2364 |   5 |  646.4 |
               +--------+--------+--------+--------+--------+-----+--------+

Top non-repeatable levels by time:
     D:1: 1061 daAuts
     D:3: 797 daAuts
     D:4: 652 daAuts
     D:2: 635 daAuts
     D:5: 85 daAuts
